 Dungeon Crawl Stone Soup version 0.29.1-1-gd02db6906a (webtiles) character file.

Game seed: 7113254123959483023

702 raph the Skirmisher (level 7, 0/41 HPs)
             Began as a Kobold Hunter on Sept 17, 2022.
             Was an Initiate of Gozag.
             Slain by Duvessa
             ... wielding a +1 short sword of speed
              (8 damage)
             ... on level 5 of the Dungeon.
             The game lasted 00:06:34 (5982 turns).

raph the Skirmisher (Kobold Hunter)                 Turns: 5982, Time: 00:06:34

Health: 0/41       AC:  4    Str:  8    XL:     7   Next: 98%
Magic:  7/7        EV: 16    Int: 10    God:    Gozag
Gold:   328        SH:  0    Dex: 21    Spells: 6/6 levels left

rFire   . . .      SeeInvis .   s - +1 arbalest
rCold   . . .      Faith    .   (shield currently unavailable)
rNeg    . . .      Spirit   .   c - +1 leather armour
rPois   .          Reflect  .   (no helmet)
rElec   .          Harm     .   (no cloak)
rCorr   .          Rampage  .   (no gloves)
Will    +....                   (no boots)
Stlth   ++++......              (no amulet)
HPRegen 0.13/turn               j - ring of willpower
MPRegen 0.10/turn               (no ring)

@: about to teleport, gold aura
A: small, no large weapons, nightstalker 3
a: Renounce Religion, Potion Petition, Call Merchant, Bribe Branch


You were on level 5 of the Dungeon.
You worshipped Gozag.
Gozag was aware of your devotion.
You visited 2 branches of the dungeon, and saw 6 of its levels.

You collected 362 gold pieces.
You paid 34 gold pieces to Gozag.

Inventory:

Hand Weapons
 a - a +1 shortbow
 b - a +1 short sword of electrocution
 n - a +0 dagger
 s - a +1 arbalest (weapon)
Missiles
 h - 5 poisoned darts
Armour
 c - a +1 leather armour (worn)
Jewellery
 j - a ring of willpower (left hand)
 t - an amulet of the acrobat
 u - a ring of resist corrosion
Wands
 l - a wand of iceblast (3)
Scrolls
 f - 2 scrolls of immolation
 g - 2 scrolls of teleportation
Potions
 d - 2 potions of brilliance
 e - 4 potions of curing
 i - a potion of heal wounds {unknown}
 k - a potion of might {unknown}
 m - a potion of berserk rage {unknown}
 o - 2 potions of haste {unknown}
 p - a potion of ambrosia {unknown}
 q - a potion of mutation {unknown}
 r - a potion of flight {unknown}


   Skills:
 - Level 3.6 Fighting
 + Level 10.1 Ranged Weapons
 - Level 4.1 Dodging
 - Level 4.0 Stealth


You had 6 spell levels left.
You didn't know any spells.
Your spell library contained the following spells:

 Spells                   Type           Power      Damage    Failure   Level
 Foxfire                  Conj/Fire      0%         2x1d4     50%         1
 Conjure Flame            Conj/Fire      0%         6-21      86%         3
 Dazzling Flash           Conj/Hex       0%         N/A       86%         3
 Inner Flame              Hex/Fire       0%         N/A       86%         3
 Portal Projectile        Hex/Tloc       0%         N/A       86%         3
 Tukima's Dance           Hex            0%         N/A       86%         3
 Anguish                  Hex/Necr       0%         N/A       99%         4
 Flame Wave               Conj/Fire      0%         2d4       99%         4
 Iskenderun's Mystic Bla  Conj/Tloc      0%         2d3       99%         4
 Blade Hands              Tmut           0%         N/A       100%        5
 Starburst                Conj/Fire      0%         6d3       100%        6
 Enfeeble                 Hex            0%         N/A       100%        7


Dungeon Overview and Level Annotations

Branches:
Dungeon (5/15)             Temple (1/1) D:4

Altars:
Ashenzari
Cheibriados
Dithmenos
Elyvilon
Fedhas
Gozag
Nemelex Xobeh
Qazlal
Ru
Sif Muna
Trog
Vehumet
Wu Jian
Xom
Yredelemnul
Zin

Annotations:
D:3 Grinder
D:5 Dowan, Duvessa


Innate Abilities, Weirdness & Mutations

You are small and have problems with some larger weapons.
You are completely attuned to the shadows.


Message History

The adder closely misses you. Dowan casts a spell at you.
The puff of frost misses you. The adder misses you.
The adder attacks as you move away! The adder barely misses you.
You shoot a bolt. The bolt barely misses the adder.
The bolt hits the iguana!
The iguana is severely wounded.
The adder bites you. The adder misses you.
You shoot a bolt. The bolt hits the adder!!
You kill the adder!
The iguana barely misses you.
Your Ranged Weapons skill increases to level 10!
You shoot a bolt. The bolt hits the iguana!!
You kill the iguana!
Duvessa attacks as you move away! Duvessa misses you.
Duvessa gestures with her weapon.
Dowan casts a spell at Duvessa.
Duvessa seems to speed up.
Duvessa says, "My weaknesses are his strengths!"
Duvessa misses you.
Okay, then.
Duvessa attacks as you move away! Duvessa misses you.
Duvessa closely misses you.
Okay, then.
Duvessa attacks as you move away!
Duvessa hits you with a +1 short sword of speed!
Duvessa barely misses you.
Duvessa hits you with a +1 short sword of speed.
Duvessa attacks as you move away!
Duvessa hits you with a +1 short sword of speed!
Duvessa hits you with a +1 short sword of speed.
As you read the scroll of teleportation, it crumbles to dust.
You feel strangely unstable.
Duvessa hits you with a +1 short sword of speed!
* * * LOW HITPOINT WARNING * * *
Duvessa barely misses you. Duvessa attacks as you move away!
Duvessa hits you with a +1 short sword of speed!
You die...
Your body crumbles into a pile of gold.

##### #...
##############.####
#..@ee.....$..!...>
#)############.###.
######.# #.#
#......# $ ...
#.###### ..#. #.# .
##.# #.##..####
#.........


You could see Duvessa (fast) and Dowan.

Vanquished Creatures
  2 black bears (D:5)
  An ogre (D:5)
  A necrophage (D:4)
  A scorpion (D:5)
  A gnoll bouda (D:5)
  A hound (D:5)
  3 iguanas
  6 adders
  5 gnolls
  3 worms
  3 dart slugs
  3 orcs
  6 endoplasms
  2 giant cockroaches
  5 goblins
  2 hobgoblins
  2 jackals (D:4)
  6 kobolds
  6 quokkas
  10 ball pythons
  5 bats
  3 frilled lizards
  5 rats
82 creatures vanquished.

Vanquished Creatures (others)
  18 plants (D:3)
18 creatures vanquished.

Grand Total: 100 creatures vanquished

Notes
Turn   | Place    | Note
-------+----------+-------------------------------------------
     0 | D:1      | raph the Kobold Hunter began the quest for the Orb.
     0 | D:1      | Reached XP level 1. HP: 12/12 MP: 1/1
   361 | D:1      | Reached XP level 2. HP: 17/18 MP: 2/2
   937 | D:1      | Reached XP level 3. HP: 22/22 MP: 3/3
  1713 | D:2      | Reached skill level 6 in Ranged Weapons
  1720 | D:2      | Found a faded altar of an unknown god.
  1905 | D:3      | Noticed Grinder
  2201 | D:3      | Reached XP level 4. HP: 27/27 MP: 4/4
  3896 | D:4      | Found a staircase to the Ecumenical Temple.
  3913 | D:4      | Reached XP level 5. HP: 32/32 MP: 5/5
  3925 | Temple   | Entered the Ecumenical Temple
  4178 | Temple   | Became a worshipper of Gozag Ym Sagoz the Greedy
  4513 | D:4      | Found a snail-covered altar of Cheibriados.
  4839 | D:4      | Found a blossoming altar of Fedhas.
  5136 | D:4      | Reached skill level 7 in Ranged Weapons
  5136 | D:4      | Reached XP level 6. HP: 37/37 MP: 6/6
  5334 | D:5      | Entered Level 5 of the Dungeon
  5561 | D:5      | Noticed an ogre
  5567 | D:5      | Killed an ogre
  5568 | D:5      | Reached skill level 8 in Ranged Weapons
  5568 | D:5      | Reached XP level 7. HP: 25/41 MP: 7/7
  5707 | D:5      | Found a white marble altar of Elyvilon.
  5869 | D:5      | Reached skill level 9 in Ranged Weapons
  5964 | D:5      | Noticed Dowan
  5966 | D:5      | Noticed Duvessa
  5973 | D:5      | Reached skill level 10 in Ranged Weapons
  5982 | D:5      | Slain by Duvessa

Illustrated notes

Levels and vault maps discovered:
D:1:      minmay_arrival_nine_rooms, layout_basic
D:2:      layout_rooms, hellmonk_ecumenical_altar_arch_garden
D:3:      wad_woods_tower, layout_basic, uniq_grinder
D:4:      layout_loops_corners, fedhas_altar_fruit_tree, kennysheep_slug_shrine,
          minmay_temple_entry_waves, serial_bayou_pond_a
D:5:      layout_loops_ring, mainiacjoe_overflow_boulevard, uniq_duvessa
Temple:   nicolae_temple_bog_church

Skill      XL: |  1  2  3  4  5  6  7 |
---------------+----------------------+-----
Stealth        | 2 3 4 |  4.0
Dodging        | 3 4 |  4.1
Ranged Weapons | 6 7 8 10 | 10.1
Fighting       | 3 |  3.6

Action                   |  1- 3 |  4- 6 |  7- 9 || total
-------------------------+-------+-------+-------++-------
Melee: Short sword       |       |     9 |       ||     9
 Fire: Shortbow          |    76 |    85 |       ||   161
       Arbalest          |       |     5 |    25 ||    30
  Use: Scroll            |     2 |     5 |     3 ||    10
Armor: Leather armour    |    15 |     5 |       ||    20
Dodge: Dodged            |    24 |    42 |    15 ||    81
